cohdb
Replays
Latest Replays
All Replays
Popular Replays
Top Player Replays
Match Explorer
How It Works
Community
CoH3 Stats
Reddit
Sign in to upload your games and track your stats! →
Sign in with Steam
Match 45756885
Unlisted
Match 45756885
Overview
Messages
Build Orders
End
Pioneer Squad
Construct Infanterie Kompanie
Selects Breakthrough Battlegroup
Selects Assault Grenadiers
Grenadier Squad
MG 42 Machine Gun Team
Grenadier Squad
Infanterie Officer Quarters
Selects Breakthrough
Grenadier Squad
Medical Station
Construct Luftwaffe Kompanie
Jäger Squad
Flak 30 Anti-aircraft Gun Team
Support Elements
Selects Mechanized Assault Group
Jäger Squad
Wirbelwind Flakpanzer
Rommel
ETZUMD
REDFORCE
aSIIDemolitionHammer
0
0
Comments
sign in to comment!
No comments posted yet!